 Dungeon Crawl Stone Soup version 0.19.0-2-gae57169 (webtiles) character file.

1307 Mesmaeker13 the Jinx (level 8, -2/57 HPs)
             Began as a Vampire Enchanter on Nov 4, 2016.
             Was a Believer of Ashenzari.
             Slain by an orc knight (16 damage)
             ... in a bailey on Nov 5, 2016.
             The game lasted 00:37:59 (7301 turns).

Mesmaeker13 the Jinx (Vampire Enchanter)            Turns: 7301, Time: 00:37:59

Health: -2/57      AC:  8    Str:  8    XL:     8   Next: 32%
Magic:  7/14       EV: 22    Int: 18    God:    Ashenzari [**....]
Gold:   236        SH:  0    Dex: 20    Spells: 5 memorised, 3 levels left

rFire  . . .     SeeInvis +     h - +0 blowgun
rCold  + . .     Gourm    .     G - +2 robe {MR+}
rNeg   + + .     Faith    .     (no shield)
rPois  +         Spirit   .     p - +0 helmet (curse)
rElec  .         Reflect  .     C - +2 cloak (curse)
rCorr  .         Harm     .     (no gloves)
MR     +....                    (no boots)
Stlth  +++++.....               (no amulet)
                                (no ring)
                                (no ring)

@: agile, regenerating slowly
A: fangs 3, see invisible, unbreathing
a: Bat Form, Curse Item, Scrying, Renounce Religion


You were in a bailey.
You worshipped Ashenzari.
Ashenzari was pleased with you.
You were very thirsty.

You visited 2 branches of the dungeon, and saw 8 of its levels.
You also visited: Bailey.

You collected 236 gold pieces.

Inventory:

Hand Weapons
 a - a +1 dagger
 h - a +0 blowgun (weapon)
 y - a +0 long sword
 F - a +1 quarterstaff of speed
Missiles
 v - 24 poisoned needles (quivered)
Armour
 p - a cursed +0 helmet (worn)
 B - a +0 shield
 C - a cursed +2 cloak (worn)
 G - a +2 robe of magic resistance (worn)
Scrolls
 e - a scroll of amnesia
 f - 3 scrolls of teleportation
 g - a scroll of fog {unknown}
 i - a scroll of remove curse
 m - 2 scrolls of magic mapping
 n - a scroll of blinking {unknown}
 r - a scroll of noise {unknown}
 s - 4 scrolls of fear
 t - 3 scrolls of enchant weapon {unknown}
 z - a scroll of holy word {unknown}
 D - a scroll of enchant armour {unknown}
Potions
 b - 2 potions of mutation
 d - 6 potions of blood
 k - 3 potions of curing
 l - 2 potions of lignification {unknown}
 o - 2 potions of haste
 u - a potion of flight {unknown}
 w - a potion of ambrosia {unknown}
Books
 c - a book of Maledictions

   Spells                             Type                      Level
   a - Corona                         Hexes                        1
   b - Ensorcelled Hibernation        Hexes/Ice                    2
   c - Confuse                        Hexes                        3
   d - Tukima's Dance                 Hexes                        3
   e - Dazzling Spray                 Conjuration/Hexes            3
 x - a book of Conjurations

   Spells                             Type                      Level
   a - Magic Dart                     Conjuration                  1
   b - Searing Ray                    Conjuration                  2
   c - Dazzling Spray                 Conjuration/Hexes            3
   d - Fulminant Prism                Conjuration/Hexes            4
   e - Iskenderun's Mystic Blast      Conjuration                  4
   f - Iskenderun's Battlesphere      Conjuration/Charms           5
 E - a book of Air

   Spells                             Type                      Level
   a - Shock                          Conjuration/Air              1
   b - Swiftness                      Charms/Air                   2
   c - Repel Missiles                 Charms/Air                   2
   d - Static Discharge               Conjuration/Air              3
   e - Lightning Bolt                 Conjuration/Air              5


   Skills:
 + Level 2.8 Fighting
 + Level 4.2 Short Blades
 + Level 6.3 Dodging
 - Level 4.4 Stealth
 - Level 4.3 Spellcasting
 + Level 8.7 Hexes


You had 3 spell levels left.
You knew the following spells:

 Your Spells              Type           Power        Failure   Level  Hunger
a - Corona                Hex            #####..      1%          1    None
b - Confuse               Hex            #####...     1%          3    ###....
c - Tukima's Dance        Hex            #####...     1%          3    ###....
d - Ensorcelled Hibernat  Hex/Ice        ###...       4%          2    ##.....
e - Dazzling Spray        Conj/Hex       ###...       10%         3    ###....


Dungeon Overview and Level Annotations

Branches:
Dungeon (7/15)             Temple (1/1) D:5

Altars:
Ashenzari
Elyvilon
Fedhas
Gozag
Kikubaaqudgha
Nemelex Xobeh
Okawaru
Qazlal
Ru
Sif Muna
Trog
Uskayaw
Vehumet
Xom
Yredelemnul
Zin
The Shining One

Shops:
D:4 ((:*(


Innate Abilities, Weirdness & Mutations

You heal slowly.
You have razor-sharp teeth.
You have supernaturally acute eyesight. (SInv)
You can survive without breathing.


Message History

The orc knight seems less confused.
The orc knight hits you!!
You hit the orc knight but do no damage.
The orc knight is almost dead.
The orc knight hits you.
* * * LOW HITPOINT WARNING * * *
The kobold throws a tomahawk of returning.
The tomahawk of returning misses you.
The weapon returns to the kobold!
Unknown command.
The kobold throws a tomahawk of returning.
The tomahawk of returning completely misses you.
The weapon returns to the kobold!
You feel agile all of a sudden. The orc knight completely misses you.
The kobold closely misses you.
Wield which item (- for none, * to show all)? (? for menu, Esc to quit)
h - a +0 blowgun (weapon)
The kobold throws a tomahawk of returning.
The tomahawk of returning hits you but does no damage.
The weapon returns to the kobold!
The orc knight hits you!
You die...

* #####♣♣♣.....♣♣♣ * ≈
##...##.........#
♣♣≈≈≈##.....##.KK....# ,
♣≈≈≈##...8...##≈≈≈≈≈# ,
♣≈≈##.........#≈≈≈≈≈# ,.
♣≈≈#......)..(#≈≈≈≈≈#...
♣≈≈#..8K.8.(..(()((.)(..
♣≈≈#(.o.....#########...
♣≈≈##..@.(.##≈≈≈#≈≈ #
♣..(##.(...#{:..... ≈
♣..()##....#≈!....., ≈*
♣♣...((#....##8.8... , *
♣......'.....#o.....,
♣∩.∩...'.....#o...∩.
♣......'.....#...... ,
♣♣.....#....##8.8... 8
♣....##....#≈!.....


You could see an orc knight, an orc warrior, an orc and a kobold.

Vanquished Creatures
  A sky beast (D:6)
  2 ogres
  A big kobold (D:7)
  2 bullfrogs
  The ghost of Apogee the Magician, an amateur DEWz (D:3)
  A quasit (D:6)
  A hound (D:7)
  2 orc priests (D:4)
  4 orc wizards
  A centaur skeleton (D:6)
  Ijyb (D:3)
  3 iguanas
  Natasha (thrice) (D:2)
  3 worker ants
  A hound skeleton (D:5)
  10 adders
  2 gnolls (Bailey)
  A shadow imp (D:6)
  3 oozes (D:2)
  An adder skeleton (D:5)
  2 dart slugs
  6 leopard geckos
  15 orcs
  2 ball pythons
  11 bats
  9 giant cockroaches
  15 goblins
  13 hobgoblins
  7 jackals
  25 kobolds
  3 quokkas
  4 frilled lizards
  A jackal zombie (D:6)
  3 leopard gecko skeletons
  10 rats
170 creatures vanquished.

Vanquished Creatures (collateral kills)
  An orc (D:5)
1 creature vanquished.

Vanquished Creatures (others)
  2 dancing weapons
2 creatures vanquished.

Grand Total: 173 creatures vanquished

Notes
Turn   | Place    | Note
-------+----------+-------------------------------------------
     0 | D:1      | Mesmaeker13 the Vampire Enchanter began the quest for the Orb.
     0 | D:1      | Reached XP level 1. HP: 13/13 MP: 3/3
   115 | D:1      | Reached XP level 2. HP: 11/19 MP: 3/5
   787 | D:1      | Reached XP level 3. HP: 24/24 MP: 7/7
  1160 | D:2      | Learned a level 3 spell: Confuse
  1230 | D:2      | Reached skill level 5 in Hexes
  1247 | D:2      | Found a sparkling altar of Nemelex Xobeh.
  1273 | D:2      | Noticed Natasha
  1294 | D:2      | Killed Natasha
  1294 | D:2      | Reached XP level 4. HP: 28/30 MP: 5/8
  1314 | D:2      | Found a shattered altar of Ashenzari.
  1328 | D:2      | Noticed Natasha
  1335 | D:2      | Killed Natasha
  1340 | D:2      | Became a worshipper of Ashenzari the Shackled
  1515 | D:2      | Noticed Natasha
  1594 | D:2      | Killed Natasha
  1594 | D:2      | Reached XP level 5. HP: 19/35 MP: 4/10
  2117 | D:2      | Reached skill level 6 in Hexes
  2122 | D:2      | Learned a level 3 spell: Tukima's Dance
  2207 | D:3      | Noticed Apogee's ghost (amateur DEWz)
  2318 | D:3      | Noticed Ijyb
  2336 | D:3      | Killed Ijyb
  2420 | D:4      | Found Dapejar's Antique Weapon Boutique.
  2527 | D:4      | Found Sudghos's Antique Weapon Boutique.
  2597 | D:4      | Reached XP level 6. HP: 31/41 MP: 4/11
  2688 | D:4      | Learned a level 2 spell: Ensorcelled Hibernation
  2718 | D:4      | Found Teinkim's Book Emporium.
  2968 | D:4      | Reached * piety under Ashenzari
  3014 | D:4      | Found Qeeni's Antique Weapon Shoppe.
  3028 | D:4      | Got the cursed mace of Extremism {vamp, *Noise rF+ Str+2 Dex+3}
  3029 | D:4      | Identified the cursed +1 mace of Extremism {vamp, *Noise rF+ Str+2 Dex+3} (You found it on level 4 of the Dungeon)
  3065 | D:4      | Found a blossoming altar of Fedhas.
  3265 | D:4      | Found Cizuadec's Assorted Antiques.
  3319 | D:5      | Entered Level 5 of the Dungeon
  3373 | D:5      | Found a stormy altar of Qazlal.
  3672 | D:5      | Reached skill level 7 in Hexes
  3674 | D:5      | Found a white marble altar of Elyvilon.
  3829 | D:5      | Found a staircase to the Ecumenical Temple.
  3858 | Temple   | Entered the Ecumenical Temple
  4411 | D:5      | Reached XP level 7. HP: 42/47 MP: 9/13
  4635 | D:3      | Reached skill level 5 in Dodging
  4736 | D:3      | Killed Apogee's ghost
  4736 | D:3      | Reached skill level 1 in Fighting
  4894 | D:3      | Found an iron altar of Okawaru.
  5163 | D:3      | Found a hide-covered altar of Uskayaw.
  5893 | D:6      | Learned a level 3 spell: Dazzling Spray
  6159 | D:6      | Reached skill level 8 in Hexes
  6548 | D:6      | Reached XP level 8. HP: 56/56 MP: 5/14
  6701 | D:7      | Reached ** piety under Ashenzari
  6736 | D:7      | Found a flagged portal.
  6745 | D:7      | Found a radiant altar of Vehumet.
  6873 | Bailey   | Entered a bailey
  7120 | Bailey   | Noticed an orc warlord
  7230 | Bailey   | Noticed an orc knight
  7301 | Bailey   | Slain by an orc knight

Skill      XL: |  1  2  3  4  5  6  7  8 |
---------------+-------------------------+-----
Dodging        | 3 4 6 |  6.3
Hexes          | 5 6 7 8 |  8.7
Spellcasting   | 3 4 |  4.3
Short Blades   | 2 3 4 |  4.2
Fighting       | 2 |  2.8
Stealth        | |  4.4

Action                   |  1- 3 |  4- 6 |  7- 9 || total
-------------------------+-------+-------+-------++-------
Melee: Dagger            |   145 |   296 |   303 ||   744
       Bite              |     8 |    31 |    46 ||    85
       Quarterstaff      |       |       |     6 ||     6
 Fire: Blowgun           |       |       |    30 ||    30
 Cast: Corona            |    16 |    14 |    13 ||    43
       Confuse           |     2 |    31 |    35 ||    68
       Tukima's Dance    |       |     3 |     3 ||     6
       Ensorcelled Hiber |       |       |     4 ||     4
       Dazzling Spray    |       |       |     1 ||     1
Invok: Curse Item        |       |     1 |     1 ||     2
  Use: Scroll            |       |     9 |     4 ||    13
       Potion            |       |     6 |     3 ||     9
 Stab: Sleeping          |    12 |    19 |    12 ||    43
       Confused          |     1 |    19 |    17 ||    37
       Invisible         |       |       |     1 ||     1
  Eat: Corpse            |       |     1 |     5 ||     6
Armor: Robe              |    22 |    47 |    78 ||   147
Dodge: Dodged            |   104 |   196 |   298 ||   598
